 Dungeon Crawl Stone Soup version 0.27-a0-1189-gb8eb6cee8e (webtiles) character file.

Game seed: 9172996499909728148

59 senseless the Skirmisher (level 3, -1/30 HPs)
             Began as a Demonspawn Monk on May 22, 2021.
             Succumbed to a gnoll's poison
             ... on level 2 of the Dungeon.
             The game lasted 00:03:52 (1687 turns).

senseless the Skirmisher (Demonspawn Monk)          Turns: 1687, Time: 00:03:53

Health: -1/30      AC:  2    Str: 18    XL:     3   Next: 78%
Magic:  3/3        EV: 13    Int: 17    God:
Gold:   63         SH:  0    Dex: 15    Spells: 2/2 levels left

rFire    . . .     SeeInvis .     - Unarmed
rCold    . . .     Faith    .   (no shield)
rNeg     . . .     Spirit   .   a - +0 robe
rPois    .         Reflect  .   (no helmet)
rElec    .         Harm     .   (no cloak)
rCorr    .         Rampage  .   (no gloves)
Will     .....                  (no boots)
Stlth    ++........             (no amulet)
HPRegen  0.10/turn              b - +6 ring of intelligence
MPRegen  0.08/turn              c - +6 ring of strength

@: lethally poisoned (-1 -> -14), hasted, very quick
A: foul stench 1, spiny 1
a: no special abilities


You were on level 2 of the Dungeon.
You visited 1 branch of the dungeon, and saw 2 of its levels.

You collected 63 gold pieces.

Inventory:

Armour
 a - a +0 robe (worn)
Jewellery
 b - a +6 ring of intelligence (left hand)
 c - a +6 ring of strength (right hand)


   Skills:
 * Level 4.0 Fighting
 + Level 3.1 Dodging
 - Level 1.7 Stealth
 + Level 3.1 Unarmed Combat


You had 2 spell levels left.
You didn't know any spells.
Your spell library was empty.

Dungeon Overview and Level Annotations

Branches:
Dungeon (2/15)

Altars:
Fedhas


Innate Abilities, Weirdness & Mutations

You may rarely emit foul miasma when damaged in melee.
You are partially covered in sharp spines.


Message History

You feel sick.
The adder is engulfed in dark miasma.
The adder is poisoned.
The adder closely misses you.
You hit the adder.
The adder is almost dead.
You feel sick.
You are no longer poisoned.
The adder is engulfed in dark miasma.
The adder looks even sicker.
You kill the adder!
Your Fighting skill increases to level 4!
Found a scale mail.
You see here a +0 scale mail.
A gnoll is nearby!
The gnoll shouts!
The gnoll splashes around in the water.
The gnoll hits you with a +1 spear of venom.
You are poisoned.
You closely miss the gnoll.
You feel very sick.
The gnoll splashes around in the water.
You barely miss the gnoll.
You feel very sick. The gnoll is struck by your spines.
The gnoll hits you with a +1 spear of venom!
You hit the gnoll.
The gnoll is heavily wounded.
* * * LOW HITPOINT WARNING * * *
You feel very sick. The gnoll is struck by your spines.
The gnoll barely misses you.
It was a potion of curing.
You feel better.
The gnoll hits you with a +1 spear of venom.
You hit the gnoll.
The gnoll is severely wounded.
The gnoll splashes around in the water.
You hit the gnoll.
The gnoll is almost dead.
The gnoll hits you with a +1 spear of venom!
* * * LOW HITPOINT WARNING * * *
You are lethally poisoned!
It was a potion of haste.
You feel yourself speed up.
You die...

.............# ....
########...### . ..... ###..#
.# ..### #....#####.#.. ..# +
######.#............ ..
#.........#.......#.##. ###
#.####.#...............
...#.# #.#...g≈≈≈.≈≈≈≈≈..
#.#.####.#.#@≈≈≈≈.≈≈≈≈≈..
#............≈≈≈≈.≈≈≈≈≈..####
###.########.≈≈≈≈.≈≈≈≈≈.#...†
#######.# #..≈≈≈≈........####
#...)...# ###........≈≈≈≈.##
## #.##...###
#....≈≈≈≈≈.≈≈≈≈.# #.
#(.......#
#.#..≈≈≈≈≈.≈≈≈≈.####.
#........#
#.##.≈≈≈≈≈.≈≈≈≈......
###.###..#
#.##.≈≈≈≈≈.≈≈≈≈......


You could see a gnoll.

Vanquished Creatures
  2 gnolls (D:2)
  An adder (D:2)
  5 ball pythons
  2 bats
  4 endoplasms
  2 giant cockroaches (D:2)
  2 goblins (D:1)
  3 hobgoblins
  2 jackals (D:1)
  2 frilled lizards
  3 kobolds
28 creatures vanquished.

Notes
Turn   | Place    | Note
-------+----------+-------------------------------------------
     0 | D:1      | senseless the Demonspawn Monk began the quest for the Orb.
     0 | D:1      | Reached XP level 1. HP: 18/18 MP: 1/1
   285 | D:1      | Gained mutation: You are partially covered in sharp spines.
                  | [demonic ancestry]
   285 | D:1      | Reached XP level 2. HP: 22/24 MP: 2/2
  1045 | D:2      | Gained mutation: You may rarely emit foul miasma when
                  | damaged in melee. [demonic ancestry]
  1045 | D:2      | Reached XP level 3. HP: 19/30 MP: 3/3
  1421 | D:2      | Found a blossoming altar of Fedhas.
  1470 | D:2      | Reached skill level 4 in Fighting
  1687 | D:2      | Succumbed to a gnoll's poison

Illustrated notes

Levels and vault maps discovered:
D:1:      psy_arrival_basics, layout_loops_cross
D:2:      layout_loops_ring, basic_ecumenical_altar, basic_altar,
          grunt_ministairs_6, minivault_14, hangedman_abyss_or_decor_stabs

Skill      XL: |  1  2  3 |
---------------+----------+-----
Dodging        | 3 |  3.1
Unarmed Combat | 3 |  3.1
Fighting       | 4 |  4.0
Stealth        | |  1.7

Action                   || total
-------------------------++-------
Melee: Unarmed           ||    67
       Punch             ||     2
  Use: Scroll            ||     3
       Potion            ||     2
 Stab: Sleeping          ||     5
Armor: Robe              ||     4
Dodge: Dodged            ||    43

Table legend: (Time is in decaauts)
 A = Elapsed time spent in this place.
 B = Non-inter-level travel time spent in this place.
 C = Inter-level travel time spent in this place.
 D = Time resting spent in this place.
 E = Time spent auto-exploring this place.
 F = Levels seen in this place.
 G = Mean time per level.
                   A        B        C        D        E       F      G
               +--------+--------+--------+--------+--------+-----+--------+
         Total |   1682 |   1617 |     65 |    154 |   1214 |   2 |  841.0 |
       Dungeon |   1682 |   1617 |     65 |    154 |   1214 |   2 |  841.0 |
               +--------+--------+--------+--------+--------+-----+--------+

Top non-repeatable levels by time:
     D:1: 1106 daAuts
     D:2: 576 daAuts
